 Dungeon Crawl Stone Soup version 0.23.0-3-gf3c87f2 (webtiles) character file.

Game seed: 13805811742467151868

1470 ohad the Insei (level 8, -1/57 HPs)
             Began as an Octopode Transmuter on Feb 20, 2019.
             Was a Believer of Okawaru.
             Slain by a bullfrog (6 damage)
             ... on level 6 of the Dungeon.
             The game lasted 00:14:24 (7112 turns).

ohad the Insei (Octopode Transmuter)                Turns: 7112, Time: 00:14:25

Health: -1/57      AC:  6    Str:  9    XL:     8   Next: 78%
Magic:  9/11       EV: 10    Int: 18    God:    Okawaru [**....]
Gold:   270        SH:  0    Dex: 12    Spells: 1/11 levels left

rFire    x . .     SeeInvis .     - Unarmed
rCold    + + +     Gourm    .   (shield currently unavailable)
rNeg     . . .     Faith    .   (helmet currently unavailable)
rPois    +         Spirit   .   (no amulet)
rElec    .         Reflect  .   (no ring)
rCorr    .         Harm     .   (no ring)
MR       .....                  (no ring)
Stlth    +.........             (no ring)
HPRegen  0.19/turn              (no ring)
MPRegen  0.12/turn              (no ring)
                                (no ring)
                                (no ring)

@: ice-form
A: large, almost no armour, stealthy swim, amphibious, 8 rings, (constrict 8)
a: End Transformation, Heroism, Renounce Religion


You were on level 6 of the Dungeon.
You worshipped Okawaru.
Okawaru was pleased with you.
You were hungry.
You were a creature of crystalline ice.
You visited 1 branch of the dungeon, and saw 6 of its levels.

You collected 270 gold pieces.

Inventory:

Hand Weapons
 d - a +2 dagger of electrocution
Missiles
 a - 98 arrows
 i - 43 poisoned needles
 v - 2 javelins (quivered)
Jewellery
 p - a +3 ring of dexterity {unknown}
 w - a +2 ring of protection {unknown}
 x - a +2 ring of intelligence {unknown}
Wands
 q - a wand of acid (10)
Scrolls
 b - 2 scrolls of fog
 h - 2 scrolls of amnesia {unknown}
 j - 4 scrolls of teleportation
 m - 2 scrolls of identify
 n - a scroll of enchant armour {unknown}
 y - a scroll of magic mapping {unknown}
 A - 3 scrolls of immolation {unknown}
Potions
 e - a potion of might
 f - a potion of degeneration {unknown}
 g - a potion of lignification {unknown}
 k - a potion of berserk rage
 l - a potion of brilliance {unknown}
 o - a potion of ambrosia {unknown}
 r - a potion of mutation {unknown}
 s - 2 potions of curing
 t - a potion of haste {unknown}
 u - a potion of agility {unknown}
Comestibles
 c - 10 rations
 z - a chunk of flesh


   Skills:
 + Level 1.0 Fighting
 - Level 2.0 Dodging
 - Level 7.5 Unarmed Combat
 - Level 2.0 Spellcasting
 - Level 7.1 Transmutations
 - Level 3.5 Ice Magic
 - Level 1.5 Invocations


You had one spell level left.
You knew the following spells:

 Your Spells              Type           Power        Failure   Level  Hunger
a - Beastly Appendage     Tmut           ####..       1%          1    #......
b - Sticks to Snakes      Tmut           ####....     1%          2    ###....
c - Spider Form           Tmut/Pois      ##........   13%         3    ###....
d - Ice Form              Ice/Tmut       ###.....     21%         4    #####..

Your spell library contained the following spells:

 Spells                   Type           Power        Failure   Level  Hunger
 Blade Hands              Tmut           ####......   26%         5    ######.


Dungeon Overview and Level Annotations

Branches:
Dungeon (6/15)
 Temple: D:4-7

Altars:
Nemelex Xobeh
Okawaru
Trog
Zin


Innate Abilities, Weirdness & Mutations

You cannot wear most types of armour.
You are very stealthy in the water. (Stealth+)
You are amphibious.
You can wear up to eight rings at the same time.
((You can use your tentacles to constrict eight enemies at once.))
((Your skin changes colour to match your surroundings (Stealth+).))
((Your rubbery body absorbs attacks. (AC +1, EV +1)))


Message History

You barely miss the bullfrog.
The bullfrog is moderately wounded.
The bullfrog hits you.
You hit the bullfrog.
The bullfrog seems to slow down.
You freeze the bullfrog.
The bullfrog is moderately wounded.
The bullfrog hits you. The orc hits you but does no damage.
The bullfrog is no longer moving slowly.
There is a stone staircase leading down here.
The orc priest casts a cantrip, but nothing happens.
The orc priest calls down the wrath of Beogh upon you.
Beogh smites you!
The orc priest invokes the aid of Beogh against you.
Beogh smites you!
* * * LOW HITPOINT WARNING * * *
The bullfrog hits you.
* * * LOW HITPOINT WARNING * * *
There is a stone staircase leading up here.
The bullfrog barely misses you. The bullfrog hits you.
You die...

#..#....<........
#..#+####)# #.
#.........# #.#
#.........# #.#
#.........# #.#
#.........+ #.#
#.........# #.#
#...).....#
#.#####.#####.Y.......#
#...........(oF#'########
######.#####.o#.........
#.# #..########## #.#
#..# #.# #..#
######.#####.o#
#..(........o.#
#.####.#####..#


You could see a bullfrog, an orc priest and 3 orcs.

Vanquished Creatures
  Grinder (D:5)
  A necrophage (D:5)
  5 ogres
  3 centaurs
  Blork the orc (D:6)
  A crimson imp (D:5)
  2 hounds (D:5)
  A centaur skeleton (D:5)
  4 worker ants
  A hound zombie (D:5)
  2 worker ant zombies (D:5)
  4 gnolls (D:5)
  7 adders
  An adder zombie (D:5)
  2 adder skeletons
  2 worms
  A dart slug (D:1)
  5 leopard geckos
  6 orcs
  A ball python (D:5)
  6 bats
  8 giant cockroaches
  4 goblins
  6 hobgoblins
  3 frilled lizards
  A giant cockroach zombie (D:5)
  A jackal zombie (D:5)
  6 kobolds
  A quokka zombie (D:6)
  10 rats
97 creatures vanquished.

Vanquished Creatures (collateral kills)
  A jelly (D:5)
1 creature vanquished.

Grand Total: 98 creatures vanquished

Notes
Turn   | Place    | Note
-------+----------+-------------------------------------------
     0 | D:1      | ohad the Octopode Transmuter began the quest for the Orb.
     0 | D:1      | Reached XP level 1. HP: 13/13 MP: 3/3
   273 | D:1      | Reached XP level 2. HP: 5/18 MP: 3/5
   924 | D:1      | Reached XP level 3. HP: 19/23 MP: 6/6
  1164 | D:2      | Found a glowing silver altar of Zin.
  1307 | D:2      | HP: 1/23 [poisoned by an adder]
  1715 | D:2      | Found a bloodstained altar of Trog.
  2031 | D:3      | Learned a level 2 spell: Sticks to Snakes
  2035 | D:3      | Learned a level 3 spell: Spider Form
  2231 | D:3      | Reached XP level 4. HP: 28/28 MP: 7/7
  2537 | D:3      | Found an iron altar of Okawaru.
  2549 | D:3      | Became a worshipper of Warmaster Okawaru
  2958 | D:4      | Noticed an ogre
  2968 | D:4      | Killed an ogre
  2968 | D:4      | Reached skill level 5 in Transmutations
  2968 | D:4      | Reached XP level 5. HP: 18/33 MP: 0/8
  3852 | D:5      | Entered Level 5 of the Dungeon
  3863 | D:5      | Noticed an ogre
  4059 | D:5      | Noticed an ogre
  4157 | D:5      | Reached XP level 6. HP: 38/38 MP: 5/9
  4717 | D:5      | Noticed a necrophage
  4738 | D:5      | Killed a necrophage
  4924 | D:5      | Reached * piety under Okawaru
  5205 | D:5      | Reached skill level 1 in Invocations
  5229 | D:5      | Reached XP level 7. HP: 39/43 MP: 10/10
  5311 | D:5      | Learned a level 4 spell: Ice Form
  5651 | D:5      | Noticed Grinder
  5657 | D:5      | Paralysed by Grinder for 7 turns
  5671 | D:5      | Killed Grinder
  5671 | D:5      | Reached XP level 8. HP: 14/48 MP: 6/11
  5943 | D:5      | Reached ** piety under Okawaru
  5943 | D:5      | Reached skill level 5 in Unarmed Combat
  6953 | D:6      | Noticed Blork the orc
  6958 | D:6      | Killed Blork the orc
  7074 | D:6      | Found a sparkling altar of Nemelex Xobeh.
  7112 | D:6      | Slain by a bullfrog

Skill      XL: |  1  2  3  4  5  6  7  8 |
---------------+-------------------------+-----
Transmutations | 3 4 5 6 7 |  7.1
Invocations    | 1 |  1.5
Ice Magic      | 3 |  3.5
Unarmed Combat | 4 7 |  7.5
Fighting       | |  1.0
Dodging        | |  2.0
Spellcasting   | |  2.0

Action                   |  1- 3 |  4- 6 |  7- 9 || total
-------------------------+-------+-------+-------++-------
Melee: Unarmed           |    44 |    68 |    70 ||   182
       Constrict         |    18 |     8 |     9 ||    35
       Tentacles         |    11 |     4 |     9 ||    24
       Kick              |     9 |     3 |     1 ||    13
       Dagger            |    38 |    34 |    24 ||    96
       Punch             |     1 |       |     4 ||     5
 Cast: Beastly Appendage |    12 |     4 |     2 ||    18
       Spider Form       |       |    10 |     2 ||    12
       Sticks to Snakes  |       |     6 |     1 ||     7
       Ice Form          |       |       |     4 ||     4
Invok: Heroism           |       |       |     6 ||     6
  Use: Scroll            |     3 |       |     2 ||     5
       Potion            |     2 |       |     1 ||     3
 Stab: Sleeping          |     8 |     3 |       ||    11
  Eat: Chunk             |     4 |    11 |     7 ||    22
Armor: Skin              |     8 |     7 |    12 ||    27
Dodge: Dodged            |    70 |    75 |    58 ||   203
